 Dungeon Crawl Stone Soup version 0.22-a0-469-gf26638a (webtiles) character file.

492 wjh11 the Chopper (level 6, -3/56 HPs)
             Began as a Minotaur Berserker on June 12, 2018.
             Was a Priest of Trog.
             Slain by an ogre
             ... wielding a +0 giant spiked club
              (20 damage)
             ... on level 4 of the Dungeon.
             The game lasted 00:02:45 (2843 turns).

wjh11 the Chopper (Minotaur Berserker)              Turns: 2843, Time: 00:02:45

Health: -3/56      AC:  8    Str: 24    XL:     6   Next: 91%
Magic:  5/5        EV: 12    Int: 12    God:    Trog [***...]
Gold:   81         SH:  0    Dex:  9    Spells: 5/5 levels left

rFire    . . .     SeeInvis .   a - +0 hand axe
rCold    . . .     Gourm    .   (no shield)
rNeg     . . .     Faith    .   i - +0 ring mail
rPois    .         Spirit   .   t - +1 hat {Int+3}
rElec    .         Reflect  .   (no cloak)
rCorr    .         Harm     .   (no gloves)
MR       .....                  m - +0 pair of boots
Stlth    ..........             (no amulet)
HPRegen  0.18/turn              l - +5 ring of intelligence
MPRegen  0.09/turn              (no ring)

@: no status effects
A: retaliatory headbutt, horns 2
a: Berserk, Trog's Hand, Renounce Religion


You were on level 4 of the Dungeon.
You worshipped Trog.
Trog was most pleased with you.
You were not hungry.

You visited 1 branch of the dungeon, and saw 4 of its levels.

You collected 81 gold pieces.

Inventory:

Hand Weapons
 a - a +0 hand axe (weapon)
Armour
 b - a +0 animal skin
 i - a +0 ring mail (worn)
 m - a +0 pair of boots (worn)
 t - a +1 hat of intelligence (worn)
Jewellery
 l - a +5 ring of intelligence (left hand)
Wands
 x - a wand of acid (6)
Scrolls
 d - a scroll of magic mapping {unknown}
 e - 5 scrolls of teleportation {unknown}
 g - a scroll of remove curse {unknown}
 k - a scroll of noise {unknown}
 n - a scroll of fog {unknown}
 o - 2 scrolls of fear {unknown}
 r - a scroll of amnesia {unknown}
Potions
 f - a potion of heal wounds {unknown}
 h - 5 potions of curing {unknown}
 j - 3 potions of flight {unknown}
 p - a potion of magic {unknown}
 q - 2 potions of lignification {unknown}
 u - a potion of degeneration {unknown}
 v - a potion of resistance {unknown}
 w - a potion of ambrosia {unknown}
Comestibles
 c - 5 rations
 s - 8 chunks of flesh


   Skills:
 + Level 5.3 Fighting
 * Level 6.6 Axes
 + Level 4.4 Armour
 + Level 4.1 Dodging


You had 5 spell levels left.
You didn't know any spells.
Your spell library was empty.

Dungeon Overview and Level Annotations

Branches:
Dungeon (4/15)
 Temple: D:4-7

Altars:
Uskayaw


Innate Abilities, Weirdness & Mutations

You reflexively headbutt those who attack you in melee.
You have a pair of horns on your head.


Message History

a dagger; a robe You feel sick.
You feel sick.
You are no longer poisoned.
w - a white potion You see here 13 stones.
You hear the slow rusting of a distant drain.
x - a wand of acid (6)
An ogre comes into view. It is wielding a giant spiked club.
The ogre shouts!
You hear a shout!
The ogre hits you with a giant spiked club!!
* * * LOW HITPOINT WARNING * * *
You are too injured to fight recklessly!
You are too injured to fight recklessly!
You are too injured to fight recklessly!
You are too injured to fight recklessly!
You slash the ogre!
The ogre is moderately wounded.
The ogre hits you with a giant spiked club!!
You die...

### .. .. .###
..# #O# #@##
##..# ####...# #.
#....#.# #.#.
#...##.# ...
##.(.##.###
#.###.........#
###..(..#####.#.#
...........# .#


You could see an ogre.

Vanquished Creatures
  Grinder (D:3)
  An orc priest (D:3)
  3 orc wizards (D:4)
  Terence (D:3)
  2 worker ants
  Robin (D:3)
  3 adders
  An ooze (D:1)
  A worm (D:2)
  A dart slug (D:1)
  2 leopard geckos (D:1)
  3 orcs
  7 bats
  2 giant cockroaches (D:3)
  13 goblins
  6 hobgoblins
  A quokka (D:2)
  4 ball pythons
  7 frilled lizards
  3 kobolds
  3 rats
66 creatures vanquished.

Notes
Turn   | Place    | Note
-------+----------+-------------------------------------------
     0 | D:1      | wjh11 the Minotaur Berserker began the quest for the Orb.
     0 | D:1      | Reached XP level 1. HP: 19/19 MP: 0/0
   179 | D:1      | Reached skill level 4 in Axes
   179 | D:1      | Reached XP level 2. HP: 25/27 MP: 1/1
   965 | D:2      | Reached XP level 3. HP: 33/33 MP: 2/2
   998 | D:2      | Reached ** piety under Trog
  1292 | D:2      | Noticed a dagger
  1293 | D:2      | Found a hide-covered altar of Uskayaw.
  1296 | D:2      | Noticed a dagger
  1440 | D:3      | Noticed Robin
  1443 | D:3      | Noticed Terence
  1455 | D:3      | Killed Terence
  1455 | D:3      | Reached XP level 4. HP: 30/40 MP: 3/3
  1463 | D:3      | Killed Robin
  1759 | D:3      | Reached skill level 5 in Axes
  1905 | D:3      | Reached XP level 5. HP: 39/47 MP: 4/4
  2054 | D:3      | Noticed Grinder
  2063 | D:3      | Killed Grinder
  2063 | D:3      | Reached skill level 5 in Fighting
  2063 | D:3      | Reached skill level 6 in Axes
  2063 | D:3      | Reached XP level 6. HP: 45/56 MP: 5/5
  2703 | D:3      | Reached *** piety under Trog
  2843 | D:4      | Slain by an ogre

Vault maps used:
D:1:      minmay_arrival_doors, minivault_19
D:2:      dancing_weapons_uskayaw
D:3:      first_ration, minmay_misc_feat_five, grunt_ministairs_9, uniq_grinder,
          uniq_terence, uniq_robin
D:4:      marbit_many_paths, gup_sewer_entry_glass, minmay_bent

Skill      XL: |  1  2  3  4  5  6 |
---------------+-------------------+-----
Axes           | 4 5 6 |  6.6
Fighting       | 4 5 |  5.3
Armour         | 3 4 |  4.4
Dodging        | 3 4 |  4.1

Action                   |  1- 3 |  4- 6 || total
-------------------------+-------+-------++-------
Melee: Hand axe          |    70 |    85 ||   155
       Headbutt          |    10 |     9 ||    19
Invok: Berserk           |     1 |     1 ||     2
       Trog's Hand       |       |     1 ||     1
  Eat: Chunk             |     2 |     6 ||     8
Armor: Animal skin       |     7 |       ||     7
       Ring mail         |    10 |    25 ||    35
Dodge: Dodged            |    57 |    67 ||   124

Table legend:
 A = Spawn XP
 B = Non-spawn XP
 C = Spawn XP percentage of total XP
 D = Spawn monster count
 E = Non-spawn monster count
 F = Spawn count percentage of total count
 G = Total turns spent on level
                    A         B        C        D         E        F      G
               +---------+---------+-------+---------+---------+-------+---------
         Total |       0 |     703 |   0.0 |       0 |      66 |   0.0 |  2843
               +---------+---------+-------+---------+---------+-------+---------
           D:1 |       0 |      37 |   0.0 |       0 |      19 |   0.0 |   922
           D:2 |       0 |      39 |   0.0 |       0 |       8 |   0.0 |   509
           D:3 |       0 |     470 |   0.0 |       0 |      34 |   0.0 |  1354
           D:4 |       0 |     157 |   0.0 |       0 |       5 |   0.0 |    58
               +---------+---------+-------+---------+---------+-------+---------
